AoeStats
← 297539664

Arena

510115413Analyzed
4v4 RM · 2d ago on Sep 29, 2026· 60m 6s· 8 players
Game mode
Random Map
Map size
Large (8 player)
Population
200
Speed
Normal
Resources
Standard
Victory
Conquest
Starting age
Dark Age
Ending age
Imperial Age
RankedLock teamsTeams togetherTeam positionsShared explorationLock speedFull tech treeHidden civsTurbo modeCheats
Victory
Defeat
🇯🇵 Britons · Japan
1355
+14
🇺🇸 Varangians · United States
1342
+15
🇨🇳 Ethiopians · China
1327
+15
🇨🇳 Georgians · China
1299
+16
🇪🇸 Mongols · Spain
1422
-20
🇪🇸 Spanish · Spain
1340
-16
🇪🇸 Saxons · Spain
1264
-13
🇪🇸 Burgundians · Spain
1214
-11
SuterOne
10:09 Feudal Age
11:28 Double-Bit Axe
15:20 Castle Age
17:56 Horse Collar
19:01 Loom
20:52 Wheelbarrow
20:22 Arson
21:39 Scale Mail Armor
31:51 Imperial Age
29:10 Town Watch
29:27 Heavy Plow
29:21 Pikeman
30:02 Squires
30:35 Bow Saw
31:35 Forging
33:18 Conscription
32:21 Shield Wall
33:00 Halberdier
34:16 Halberdier
34:29 Halberdier
35:25 Onager
37:36 Chain Mail Armor
40:18 Hand Cart
45:12 Plate Mail Armor
45:18 Iron Casting
50:40 Elite Skirmisher
51:27 Thumb Ring
51:48 Padded Archer Armor
51:38 Fletching
56:28 Fletching
|GaoeG| flamingo
11:01 Feudal Age
14:26 Castle Age
12:42 Double-Bit Axe
13:08 Horse Collar
15:47 Bow Saw
15:41 Heavy Plow
22:03 Loom
23:00 Padded Archer Armor
23:00 Gold Mining
25:29 Wheelbarrow
27:56 Hand Cart
33:26 Imperial Age
31:12 Fletching
31:37 Leather Archer Armor
32:05 Ballistics
33:08 Bodkin Arrow
33:06 Elite Skirmisher
35:18 Chemistry
34:50 Ring Archer Armor
34:21 Bracer
34:54 Conscription
35:50 Supremacy
38:58 Thumb Ring
38:58 Town Watch
45:52 Guard Tower
48:26 Bloodlines
48:17 Husbandry
47:45 Cavalier
49:02 Paladin
49:53 Scale Barding Armor
49:59 Forging
51:19 Chain Barding Armor
53:14 Plate Barding Armor
53:14 Iron Casting
52:50 Light Cavalry
56:40 Blast Furnace
|GaoeG| Joseba77
4:30 Double-Bit Axe
8:19 Horse Collar
8:56 Gold Mining
11:51 Feudal Age
15:30 Castle Age
13:57 Bow Saw
14:28 Heavy Plow
15:15 Loom
19:40 Two-Man Saw
23:35 Wheelbarrow
26:04 Scale Barding Armor
28:47 Imperial Age
26:35 Forging
26:25 Cavalier
27:26 Chain Barding Armor
27:36 Husbandry
28:14 Iron Casting
27:01 Light Cavalry
28:45 Crop Rotation
28:08 Stone Mining
30:07 Plate Barding Armor
28:54 Paladin
28:57 Hussar
31:45 Blast Furnace
33:14 Hand Cart
33:54 Coinage
34:47 Town Watch
35:58 Banking
39:42 Masonry
39:42 Fortified Wall
39:13 Treadmill Crane
39:49 Masonry
39:50 Fortified Wall
40:42 Chemistry
39:36 Fletching
41:29 Burgundian Vineyards
44:25 Conscription
46:33 Hoardings
51:57 Architecture
51:49 Ballistics
54:17 Guard Tower
54:46 Bodkin Arrow
54:40 Arrowslits
55:55 Bracer
57:03 Keep
59:17 Murder Holes
JITANOmaleant7
9:57 Feudal Age
14:12 Castle Age
13:08 Double-Bit Axe
13:04 Horse Collar
14:23 Wheelbarrow
15:25 Bow Saw
20:31 Heavy Plow
22:29 Gold Mining
22:29 Stone Mining
24:07 Gold Shaft Mining
24:36 Stone Shaft Mining
24:47 Loom
25:23 Hand Cart
24:57 Town Watch
26:43 Fletching
30:01 Imperial Age
27:50 Bodkin Arrow
27:56 Padded Archer Armor
28:22 Ballistics
29:28 Leather Archer Armor
29:58 Scale Barding Armor
30:04 Forging
30:00 Husbandry
30:11 Bloodlines
30:09 Thumb Ring
30:39 Masonry
30:55 Bracer
30:24 Light Cavalry
31:44 Parthian Tactics
32:04 Heavy Cavalry Archer
34:54 Hussar
35:57 Chain Barding Armor
36:13 Iron Casting
36:52 Chemistry
42:58 Blast Furnace
41:24 Elite Skirmisher
daxbordeaux
8:37 Loom
11:00 Feudal Age
11:46 Double-Bit Axe
11:59 Horse Collar
16:04 Castle Age
14:28 Gold Mining
16:55 Wheelbarrow
25:28 Bloodlines
28:15 Squires
29:22 Forging
29:13 Scale Mail Armor
35:04 Imperial Age
34:02 Iron Casting
33:43 Chain Mail Armor
34:16 Hand Cart
34:25 Town Watch
35:23 Husbandry
36:18 Conscription
35:21 Gothikon
36:31 Elite Varangian Guard
36:57 Pikeman
39:46 Plate Mail Armor
39:28 Elite Jarl
41:19 Scale Barding Armor
44:06 Chain Barding Armor
44:47 Blast Furnace
46:05 Plate Barding Armor
47:36 Halberdier
48:43 Caravan
59:18 Capped Ram
野 人
10:29 Feudal Age
11:40 Double-Bit Axe
14:12 Castle Age
13:01 Horse Collar
21:46 Wheelbarrow
22:22 Bow Saw
23:25 Heavy Plow
25:25 Hand Cart
28:19 Imperial Age
25:35 Loom
25:47 Treadmill Crane
26:12 Gold Mining
26:15 Stone Mining
26:57 Scale Barding Armor
28:06 Chain Barding Armor
27:58 Forging
28:48 Stone Shaft Mining
29:40 Plate Barding Armor
29:24 Siege Engineers
30:22 Chemistry
29:59 Iron Casting
29:58 Bloodlines
29:49 Husbandry
30:01 Elite Monaspa
31:02 Conscription
32:04 Blast Furnace
31:15 Fletching
32:05 Town Watch
33:13 Bodkin Arrow
33:09 Guard Tower
33:40 Ballistics
33:31 Masonry
34:39 Svan Towers
34:35 Bracer
34:23 Arrowslits
37:31 Architecture
36:58 Murder Holes
39:09 Keep
41:37 Aznauri Cavalry
49:28 Guilds
52:49 Caravan
53:13 Fortified Wall
56:38 Coinage
60:04 Banking
sada-aki
7:35 Loom
9:37 Feudal Age
10:33 Horse Collar
10:42 Double-Bit Axe
14:34 Fletching
16:13 Gold Mining
18:08 Padded Archer Armor
24:25 Castle Age
22:37 Stone Mining
25:06 Bodkin Arrow
24:33 Crossbowman
26:02 Leather Archer Armor
26:28 Ballistics
29:00 Treadmill Crane
29:52 Bow Saw
36:11 Fortified Wall
297539664
10:17 Feudal Age
11:05 Double-Bit Axe
13:49 Castle Age
11:38 Horse Collar
14:57 Bow Saw
14:49 Heavy Plow
21:08 Fletching
21:55 Loom
29:11 Imperial Age
27:55 Padded Archer Armor
27:50 Bodkin Arrow
28:31 Wheelbarrow
28:07 Crossbowman
28:53 Thumb Ring
29:05 Leather Archer Armor
28:50 Gold Mining
30:34 Gold Shaft Mining
31:21 Two-Man Saw
30:32 Bracer
31:02 Ring Archer Armor
30:33 Arbalester
31:37 Ballistics
31:43 Elite Skirmisher
35:56 Chemistry
38:14 Halberdier
38:55 Squires
38:40 Arson
40:15 Scale Mail Armor
40:25 Forging
46:09 Chain Mail Armor
46:29 Iron Casting
52:34 Husbandry
51:55 Light Cavalry
52:42 Scale Barding Armor
53:38 Blast Furnace
53:09 Plate Mail Armor
54:44 Hussar
58:07 Chain Barding Armor
Connection lost

Rejoining the realm…

Still unreachable

The connection could not be restored.

Session expired

The server has moved on; the page needs a fresh start.